 Dungeon Sprint DCSS version 0.26.1-11-gd32895ea62 (webtiles) character file.

Game seed: 3322560065140078801

221 Zeld the Changer (level 5, -26/39 HPs)
             Began as an Octopode Transmuter on May 27, 2021.
             Was a Believer of Sif Muna.
             Killed from afar by Ninn the pandemonium lord (46 damage)
             ... with a spray of metal splinters
             ... in the Dungeon (Sprint V: "Ziggurat Sprint").
             The game lasted 00:01:16 (673 turns).

Zeld the Changer (Octopode Transmuter)               Turns: 673, Time: 00:01:17

Health: -26/39     AC: -3    Str: 23      XL:     5   Next: 98%
Magic:  12/12      EV: 15    Int: 27      God:    Sif Muna [**....]
Gold:   0          SH:  0    Dex: 11 (12) Spells: 4/14 levels left

rFire    . . .     SeeInvis .     - Unarmed
rCold    . . .     Faith    .   (no shield)
rNeg     . . .     Spirit   .   (helmet restricted)
rPois    .         Reflect  .   (no amulet)
rElec    .         Harm     .   t - +6 ring of strength
rCorr    .         Rampage  .   s - +6 ring of strength
Will     .....     NoTele   +   r - +6 ring of intelligence
Stlth    ++........             q - +6 ring of intelligence
HPRegen  0.13/turn              (no ring)
MPRegen  0.13/turn              (no ring)
                                (no ring)
                                (no ring)

@: corroded
A: almost no armour, stealthy swim, amphibious, 8 rings, constrict 8, camouflage
1, gelatinous body 1
a: Renounce Religion, Channel Magic


You were in the Dungeon.
You worshipped Sif Muna.
Sif Muna was pleased with you.
You visited 1 branch

Inventory:

Jewellery
 q - a +6 ring of intelligence (on tentacle)
 r - a +6 ring of intelligence (on tentacle)
 s - a +6 ring of strength (right tentacle)
 t - a +6 ring of strength (left tentacle)
Wands
 v - a wand of disintegration (7)
 x - a wand of acid (7)
Scrolls
 g - 2 scrolls of blinking
 j - 4 scrolls of amnesia
 l - 7 scrolls of fog
 m - a scroll of holy word
 n - 5 scrolls of identify
 o - 5 scrolls of remove curse
 p - 2 scrolls of fear
Potions
 a - 2 potions of brilliance
 b - 10 potions of curing
 c - 9 potions of heal wounds
 d - 6 potions of haste
 e - 7 potions of magic
 f - 3 potions of berserk rage
 h - 2 potions of invisibility
 i - 4 potions of resistance
 k - 5 potions of might
Miscellaneous
 u - a lightning rod (4/4)
 y - a lightning rod (4/4)
 z - a phial of floods


   Skills:
 + Level 5.0 Fighting
 + Level 5.4 Dodging
 - Level 3.0 Unarmed Combat
 + Level 5.0 Spellcasting
 * Level 7.4 Transmutations
 * Level 5.6 Invocations


You had 4 spell levels left.
You knew the following spells:

 Your Spells              Type           Power        Failure   Level
a - Beastly Appendage     Tmut           94%          1%          1
b - Wereblood             Tmut           47%          1%          2
c - Spider Form           Tmut/Pois      13%          4%          3
d - Ice Form              Ice/Tmut       26%          16%         4

Your spell library contained the following spells:

 Spells                   Type           Power        Failure   Level
 Blade Hands              Tmut           23%          10%         5


Dungeon Overview and Level Annotations

Branches:
Dungeon (1/1)

Altars:
Ashenzari
Cheibriados
Dithmenos
Elyvilon
Fedhas
Gozag
Hepliaklqana
Kikubaaqudgha
Makhleb
Nemelex Xobeh
Okawaru
Qazlal
Ru
Sif Muna
Trog
Uskayaw
Vehumet
Wu Jian
Xom
Yredelemnul
Zin
The Shining One
Beogh
Jiyva
Lugonu

Annotations:
D 1 transporter


Innate Abilities, Weirdness & Mutations

You cannot wear most types of armour.
You are very stealthy in the water. (Stealth+)
You are amphibious.
You can wear up to eight rings at the same time.
You can use your tentacles to constrict eight enemies at once.
Your skin changes colour to match your surroundings (Stealth+).
Your rubbery body absorbs attacks. (AC +1, EV +1)


Message History

You kill the quasit!
Sif Muna accepts your kill.
The iceblast engulfs the rust devil!
The rust devil partially resists.
The rust devil is moderately wounded.
Ninn sneers, "Abandon hope, thou tasty snack!"
Your Fighting skill increases to level 5!
Your Spellcasting skill increases to level 5!
Aiming: Iceblast
Press: ? - help, Shift-Dir - straight line, f/p - Ninn
Aim: Ninn (lightly wounded)
The mass of ice explodes!
The iceblast engulfs Ninn but does no damage.
Ninn is lightly wounded.
The iceblast engulfs the rust devil!
The rust devil partially resists.
The rust devil is heavily wounded.
The now-empty wand crumbles to dust.
Ninn gestures at you.
The spray of metal splinters hits you!!!
Ouch! That really hurt!
You die...

▓▓▓▓▓▓▓▓▓▓▓▓▓▓▓▓▓▓
▓.8©8.▓.8©8.▓.8©8.
▓.=}|.▓..[).▓.....
▓..)..▓.....▓.|...
▓.....▓..)..▓.....
▓.4&..▓.)...▓.....
▓.....▓.....▓..©..
▓@.©..▓..©..▓▓▓▓▓▓
▓▓▓▓▓▓▓▓▓▓▓▓▓


You could see Ninn and a rust devil.

Vanquished Creatures
  An ice beast (D)
  A quasit (D)
  2 orc priests (D)
  An orc wizard (D)
  A shadow imp (D)
  An adder simulacrum (D)
7 creatures vanquished.

Notes
Turn   | Place    | Note
-------+----------+-------------------------------------------
     0 | D        | Zeld the Octopode Transmuter began the quest for the Orb.
     0 | D        | Reached XP level 1. HP: 13/13 MP: 3/3
     0 | D        | Found a shimmering blue altar of Sif Muna.
     0 | D        | Found a bloodstained altar of Trog.
     0 | D        | Found a sacrificial altar of Ru.
     0 | D        | Found a stormy altar of Qazlal.
     0 | D        | Found an iron altar of Okawaru.
     2 | D        | Found a sparkling altar of Nemelex Xobeh.
     3 | D        | Found the +6 Majin-Bo {vamp, MP+6 Int+6}
     3 | D        | Found the +9 heavy crossbow "Sniper" {vorpal, Acc+∞ SInv}
     3 | D        | Found the +10 dark maul {vorpal}
     3 | D        | Found the +15 Maxwell's patent armour {-Cast -Tele rElec
                  | Will+ rCorr}
     3 | D        | Found the +18 shield of the Gong {rElec rN+ Will+ EV-5}
     3 | D        | Found the cursed +14 obsidian axe {vorpal, +Fly SInv
                  | *Curse}
     3 | D        | Found the +7 great mace "Firestarter" {inner flame, rF++}
     3 | D        | Found the +6 shillelagh "Devastator" {shatter}
     3 | D        | Found the +11 plutonium sword {*Contam Stlth-}
     3 | D        | Found the +8 lance "Wyrmbane" {slay drac, rPois rF+ rC+
                  | AC+3}
     3 | D        | Found the +9 sword of Zonguldrok {reap}
     3 | D        | Found the cursed +13 scythe of Curses {drain, *Curse}
     3 | D        | Found the +5 sword of Power {vorpal}
     3 | D        | Found the +7 mace of Variability {chain chaos}
     3 | D        | Found the +7 Singing Sword {vorpal, sonic wave}
     3 | D        | Found the +8 storm bow {elec, penet}
     3 | D        | Found a blossoming altar of Fedhas.
     5 | D        | Reached skill level 5 in Transmutations
     5 | D        | Reached XP level 2. HP: 21/21 MP: 3/6
     6 | D        | Found a transporter.
     6 | D        | Found an ancient bone altar of Kikubaaqudgha.
     6 | D        | Found a viscous altar of Jiyva.
     6 | D        | Found a corrupted altar of Lugonu.
     6 | D        | Found a hazy altar of Hepliaklqana.
     6 | D        | Found a burning altar of Makhleb.
     6 | D        | Found an opulent altar of Gozag.
    23 | D        | Became a worshipper of Sif Muna the Loreminder
    47 | D        | Learned a level 2 spell: Wereblood
   303 | D        | Entered arena 2.
   303 | D        | Noticed an ice beast
   303 | D        | Found a transporter.
   307 | D        | Killed an ice beast
   308 | D        | Reached skill level 6 in Transmutations
   308 | D        | Reached XP level 3. HP: 27/27 MP: 6/8
   308 | D        | Reached XP level 4. HP: 33/33 MP: 7/10
   312 | D        | Learned a level 3 spell: Spider Form
   317 | D        | Learned a level 4 spell: Ice Form
   475 | D        | Entered arena 3.
   475 | D        | Found a transporter.
   479 | D        | Reached * piety under Sif Muna
   480 | D        | Reached XP level 5. HP: 38/38 MP: 6/11
   481 | D        | Reached skill level 5 in Dodging
   482 | D        | Reached skill level 7 in Transmutations
   482 | D        | Reached skill level 5 in Invocations
   665 | D        | Entered arena 4.
   665 | D        | Noticed Ninn the pandemonium lord
   665 | D        | Noticed a rust devil
   665 | D        | Found a transporter.
   667 | D        | Reached ** piety under Sif Muna
   673 | D        | Reached skill level 5 in Fighting
   673 | D        | Reached skill level 5 in Spellcasting
   673 | D        | Killed from afar by Ninn the pandemonium lord

Illustrated notes

Levels and vault maps discovered:
D:        sprint_v [room_start, room_1, room_2, room_3, room_4, room_5, room_6,
          room_7, room_8, room_9, room_10, room_11, room_12, room_13, room_14,
          room_15, room_16, room_17, room_18, room_19, room_20, room_21,
          room_22, room_23, room_24, room_25, room_26, room_27]

Skill      XL: |  1  2  3  4  5 |
---------------+----------------+-----
Fighting       | 3 4 5 |  5.0
Dodging        | 3 4 5 |  5.4
Spellcasting   | 3 4 5 |  5.0
Transmutations | 5 6 7 |  7.4
Invocations    | 3 4 5 |  5.6
Unarmed Combat | |  3.0

Action                   |  1- 3 |  4- 6 || total
-------------------------+-------+-------++-------
Melee: Unarmed           |       |     3 ||     3
 Cast: Ice Form          |       |     1 ||     1
Evoke: Wand              |     2 |     5 ||     7
       Lightning rod     |     2 |       ||     2
  Use: Potion            |     1 |     1 ||     2
       Scroll            |       |     2 ||     2
Dodge: Dodged            |     1 |     2 ||     3
